[Event "Titled Tuesday Blitz April 05 Early 2022"]
[White "Namitbir Singh Walia"]
[Black "Sanchez Alvares, Kelvin Antonio"]
[WhiteFideId "35071068"]
[BlackFideId "3906680"]
[WhiteElo "1565"]
[BlackElo "2193"]
[Result "1-0"]
[Round "05"]
[TimeControl "180+1"]
[Date "2022.04.05"]
[WhiteClock "0:00:05"]
[BlackClock "0:00:02"]

1. d4 d5 2. c4 c6 3. g3 Nf6 4. Bg2 e6 5. Nf3 Nbd7 6. O-O dxc4 7. Qc2 b5 8. a4 Bb7 9. Nbd2 a6 10. b3 cxb3 11. Nxb3 Rc8 12. Rd1 Qb6 13. a5 Qa7 14. Be3 Nd5 15. Bd2 c5 16. dxc5 Nxc5 17. Rac1 Be7 18. e4 Nxb3 19. Qxb3 Nf6 20. Be3 Qa8 21. Ng5 h6 22. Nxe6 fxe6 23. Qxe6 Rxc1 24. Rxc1 Qd8 25. e5 Bxg2 26. exf6 Bd5 27. fxg7 Rg8 28. Qg6+ Bf7 29. Qxh6 Bf6 30. Re1 Bxg7 31. Bg5+ Kd7 32. Qh3+ Kc6 33. Bxd8 Rxd8 34. Rc1+ Bc4 35. Qg4 Bd4 36. Rd1 Re8 37. Qxd4 1-0


[Site "https://www.chess.com"]

[Event "Titled Tuesday Blitz April 05 Early 2022"]
[White "Noboa Silva, Kevin"]
[Black "De Souza, Cristiano Gomes"]
[WhiteFideId "3618471"]
[BlackFideId "2151758"]
[WhiteElo "2172"]
[BlackElo "2068"]
[Result "1-0"]
[Round "05"]
[TimeControl "180+1"]
[Date "2022.04.05"]
[WhiteClock "0:01:39"]
[BlackClock "0:00:38"]

1. e4 c5 2. c3 d6 3. d4 Nf6 4. Bd3 Qc7 5. Nf3 Bg4 6. O-O Nbd7 7. Re1 e5 8. d5 Be7 9. a4 O-O 10. Na3 a6 11. h3 Bh5 12. g4 Bg6 13. Qe2 Rfe8 14. Nc2 h6 15. c4 Nf8 16. Nd2 Bh7 17. Nf1 Ng6 18. Ng3 Nf4 19. Qf1 Qd7 20. Ne3 g6 21. Kh2 Kg7 22. Ng2 Nxg2 23. Kxg2 Rh8 24. f4 exf4 25. Bxf4 Rag8 26. e5 dxe5 27. Bxe5 g5 28. Nh5+ Kf8 29. Nxf6 Bxf6 30. Bxf6 Bxd3 31. Qxd3 1-0


[Site "https://www.chess.com"]

[Event "Titled Tuesday Blitz April 05 Early 2022"]
[White "Pajeken, Jakob Leon"]
[Black "Kozak, Antoni"]
[WhiteFideId "12942839"]
[BlackFideId "21832030"]
[WhiteElo "2351"]
[BlackElo "2236"]
[Result "1-0"]
[Round "05"]
[TimeControl "180+1"]
[Date "2022.04.05"]
[WhiteClock "0:00:39"]
[BlackClock "0:00:03"]

1. d4 f5 2. Nf3 Nf6 3. g3 g6 4. Bg2 Bg7 5. O-O O-O 6. b3 d6 7. Bb2 c6 8. c4 a5 9. Qc2 Na6 10. Nc3 Kh8 11. Rac1 Bd7 12. Rfd1 Rc8 13. e3 b5 14. Qe2 bxc4 15. Qxc4 Nb4 16. a3 Nbd5 17. Na4 Be6 18. Qc2 Ne4 19. Nd2 Nxd2 20. Rxd2 g5 21. Qd1 Qe8 22. Rdc2 f4 23. e4 Nf6 24. f3 fxg3 25. Nb6 gxh2+ 26. Kxh2 Rb8 27. Rxc6 g4 28. f4 Qh5+ 29. Kg3 Bh6 30. d5 Bg8 31. Nd7 Rf7 32. Nxb8 Rg7 33. Bxf6 exf6 34. Rc7 Bxf4+ 35. Kxf4 Qg5+ 36. Kg3 Qe5+ 37. Kf2 Qf4+ 38. Kg1 Qe3+ 39. Kf1 Rg5 40. R1c2 Rh5 41. R7c3 Qf4+ 42. Rf2 Qe5 43. Qd2 Rg5 44. Nd7 Qe7 45. Nxf6 1-0


[Site "https://www.chess.com"]

[Event "Titled Tuesday Blitz April 05 Early 2022"]
[White "Pakleza, Zbigniew"]
[Black "Biletskiy, Danylo"]
[WhiteFideId "1119290"]
[BlackFideId "14155419"]
[WhiteElo "2467"]
[BlackElo "2087"]
[Result "1-0"]
[Round "05"]
[TimeControl "180+1"]
[Date "2022.04.05"]
[WhiteClock "0:00:08"]
[BlackClock "0:00:01"]

1. d4 Nf6 2. Nf3 e6 3. Bf4 b6 4. e3 Bb7 5. h3 d5 6. Nbd2 c5 7. Ne5 Nc6 8. Bb5 Rc8 9. c3 Bd6 10. Qa4 Bxe5 11. Bxe5 a6 12. Bxa6 Ra8 13. Bxb7 Rxa4 14. Bxc6+ Nd7 15. Bxa4 O-O 16. Bxd7 Qxd7 17. O-O f6 18. Bg3 Ra8 19. a3 Qb5 20. Rab1 Qd3 21. Nf3 Rc8 22. Rfd1 Qa6 23. Rbc1 Qa4 24. Rd2 Qb3 25. Re1 Kf7 26. e4 h6 27. exd5 exd5 28. Rde2 Kg8 29. h4 Rd8 30. h5 Qb5 31. Nh4 cxd4 32. cxd4 Qa4 33. Nf5 Qd7 34. Ne7+ Kh7 35. f3 Qe8 36. Ng6 Qd7 37. Re7 Qf5 38. Nf4 Rc8 39. Ne6 Rg8 40. Nf4 1-0


[Site "https://www.chess.com"]

[Event "Titled Tuesday Blitz April 05 Early 2022"]
[White "Papasimakopoulos, Alexandros"]
[Black "Horak, Martin"]
[WhiteFideId "4244125"]
[BlackFideId "367095"]
[WhiteElo "2340"]
[BlackElo "1997"]
[Result "1-0"]
[Round "05"]
[TimeControl "180+1"]
[Date "2022.04.05"]
[WhiteClock "0:00:12"]
[BlackClock "0:00:02"]

1. d4 Nf6 2. c4 b6 3. f3 Nc6 4. d5 Ne5 5. e4 e6 6. Be3 Bb4+ 7. Nc3 Bxc3+ 8. bxc3 O-O 9. Nh3 Re8 10. Nf2 c6 11. f4 Nxc4 12. Bxc4 exd5 13. Be2 dxe4 14. c4 d5 15. O-O dxc4 16. Bxc4 Nd5 17. Bxd5 cxd5 18. Qd4 Bb7 19. Rfc1 Qd7 20. Nd1 Rac8 21. Qd2 Qa4 22. Nc3 Qa5 23. Rc2 Rc4 24. Ne2 Rxc2 25. Qxc2 Rc8 26. Qb2 Ba6 27. Nd4 Bd3 28. Nf5 Qc3 29. Bd4 Qxb2 30. Bxb2 Rc2 31. Bxg7 e3 32. Nxe3 Kxg7 33. Nxc2 Bxc2 34. Rc1 Bd3 35. Rd1 Bc4 36. a3 b5 37. Kf2 a5 38. Ke3 b4 39. axb4 axb4 40. Rb1 b3 41. Kd4 h5 42. g3 Kf6 43. Kc3 Kf5 44. Re1 Kg4 45. Re5 f5 46. Re8 Kh3 47. Rh8 Kxh2 48. Rxh5+ Kxg3 49. Rxf5 Kg4 50. Rf8 Kh4 51. f5 Kg5 52. f6 Kg6 53. Kb2 Kh6 54. Rg8 d4 55. Rg4 1-0


[Site "https://www.chess.com"]

[Event "Titled Tuesday Blitz April 05 Early 2022"]
[White "Perera Alfonso, Rene Humberto"]
[Black "Tsyhanchuk, Stanislav"]
[WhiteFideId "3514722"]
[BlackFideId "13505130"]
[WhiteElo "2313"]
[BlackElo "2078"]
[Result "0-1"]
[Round "05"]
[TimeControl "180+1"]
[Date "2022.04.05"]
[WhiteClock "0:00:22"]
[BlackClock "0:00:04"]

1. e4 c5 2. Nf3 d6 3. d4 cxd4 4. Nxd4 Nf6 5. Nc3 a6 6. Be3 e5 7. Nb3 Be6 8. h3 Be7 9. Qf3 O-O 10. O-O-O Nbd7 11. Kb1 b5 12. g4 b4 13. Nd5 Bxd5 14. exd5 a5 15. Bd3 Nb6 16. Bxb6 Qxb6 17. g5 Nd7 18. Qf5 g6 19. Qxd7 Bxg5 20. h4 Bf4 21. h5 Ra7 22. Qc6 Qb8 23. Nd2 Rc8 24. Qa4 Qb7 25. Ne4 Qe7 26. hxg6 hxg6 27. Qb5 f5 28. Ng3 e4 29. Be2 Qc7 30. Qa4 b3 31. Qxb3 a4 32. Qc3 Qxc3 33. bxc3 Rxc3 34. Nxf5 Rb7+ 35. Ka1 Be5 36. Nd4 Rxc2 37. Ba6 Rbb2 38. Bc4 Rb4 39. a3 Rbxc4 40. Kb1 Rxf2 41. Rhg1 Bxd4 42. Rxg6+ Kf7 43. Rg4 Rb2+ 44. Ka1 Rb3+ 45. Ka2 Rc2# 0-1


[Site "https://www.chess.com"]

[Event "Titled Tuesday Blitz April 05 Early 2022"]
[White "Pesotskiy, Mikhail"]
[Black "Harshavardhan G B"]
[WhiteFideId "34164453"]
[BlackFideId "25059009"]
[WhiteElo "2010"]
[BlackElo "1831"]
[Result "1/2-1/2"]
[Round "05"]
[TimeControl "180+1"]
[Date "2022.04.05"]
[WhiteClock "0:00:15"]
[BlackClock "0:00:26"]

1. d4 Nf6 2. c4 e6 3. Nc3 Bb4 4. Qc2 d5 5. a3 Bxc3+ 6. Qxc3 c5 7. dxc5 d4 8. Qc2 e5 9. e3 Nc6 10. b4 O-O 11. Nf3 Re8 12. Bb2 d3 13. Qxd3 Qxd3 14. Bxd3 e4 15. Be2 exf3 16. Bxf3 Ne5 17. Be2 Bf5 18. Rd1 a6 19. f3 Ng6 20. Kf2 Nd7 21. g4 Be6 22. h4 Nge5 23. Rd4 Nc6 24. Rd6 Nde5 25. b5 Na5 26. Bxe5 Nxc4 27. Bxc4 Bxc4 28. bxa6 Bxa6 29. Bd4 Bb5 30. Ra1 Bc6 31. Bc3 f6 32. Bb4 Kf7 33. Rad1 Re5 34. h5 Rae8 35. e4 g6 36. hxg6+ hxg6 37. Bc3 R5e6 38. Rxe6 Rxe6 39. Rd6 Rxd6 40. cxd6 Ke6 41. Bb4 f5 42. exf5+ gxf5 43. Kg3 fxg4 44. fxg4 Kf6 45. Kh4 Kg6 46. Kg3 Bd7 47. Kf4 Kf6 48. Bc3+ Ke6 49. Bb4 Kf6 50. Bc5 Be8 51. g5+ Ke6 52. Bb4 Bg6 53. Kg4 Kd7 54. Kf4 Ke6 55. Bc5 Bb1 56. Ke3 Bg6 57. Kd4 Be8 58. Bb4 b6 59. Kc4 Ke5 60. Kc3 Kf5 61. Kd4 Kxg5 62. Ke5 Bd7 63. Bd2+ Kg6 64. Be3 b5 65. Kd4 Kf7 66. Kc5 Ke6 67. Bf4 Be8 68. Kb6 Bd7 69. Kc7 Be8 70. Bd2 Bd7 71. Bb4 Be8 72. Kb6 Bd7 73. Kc7 Be8 74. Kd8 Bd7 75. Kc7 1/2-1/2


[Site "https://www.chess.com"]

[Event "Titled Tuesday Blitz April 05 Early 2022"]
[White "Piesik, Piotr"]
[Black "Dobrov, Vladimir"]
[WhiteFideId "1136194"]
[BlackFideId "4136594"]
[WhiteElo "2190"]
[BlackElo "2575"]
[Result "0-1"]
[Round "05"]
[TimeControl "180+1"]
[Date "2022.04.05"]
[WhiteClock "0:02:18"]
[BlackClock "0:00:41"]

1. Nf3 d5 2. g3 Nd7 3. Bg2 e5 4. O-O Ngf6 5. d3 a5 6. Nbd2 a4 7. a3 c6 8. e4 Bd6 9. Qe2 O-O 10. b4 axb3 11. cxb3 Re8 12. b4 Bxb4 13. Bb2 Bd6 14. Nb3 b6 15. Rfc1 Bb7 16. a4 Bf8 17. Bc3 d4 18. Bb2 c5 19. Nfd2 Bc6 20. a5 bxa5 21. Nc4 a4 22. Nbd2 Nb6 23. Ba3 Nxc4 24. Nxc4 Nd7 25. f4 exf4 26. gxf4 Rb8 27. Rab1 Qc7 28. e5 Bxg2 29. Qxg2 Rxb1 30. Rxb1 Rb8 31. Rxb8 Qxb8 32. Qd5 Qb1+ 33. Kg2 Qxd3 34. e6 Qe2+ 0-1


[Site "https://www.chess.com"]

[Event "Titled Tuesday Blitz April 05 Early 2022"]
[White "Pires, Marcos Vinicius Torsani"]
[Black "Jakubowski, Krzysztof"]
[WhiteFideId "2118939"]
[BlackFideId "1112848"]
[WhiteElo "2273"]
[BlackElo "2365"]
[Result "0-1"]
[Round "05"]
[TimeControl "180+1"]
[Date "2022.04.05"]
[WhiteClock "0:00:26"]
[BlackClock "0:00:05"]

1. e4 e5 2. Nf3 Nc6 3. Nc3 Nf6 4. d4 exd4 5. Nxd4 Bb4 6. Nxc6 bxc6 7. Bd3 O-O 8. O-O Re8 9. Qf3 d6 10. Bg5 h6 11. Bxf6 Qxf6 12. Qxf6 gxf6 13. Ne2 a5 14. Ng3 Kf8 15. a3 Bc5 16. a4 Ke7 17. b3 Rg8 18. Kh1 Bd7 19. f4 Rg4 20. Rae1 Rag8 21. Re2 h5 22. Nf5+ Bxf5 23. exf5+ Kd7 24. Rfe1 d5 25. Rf1 h4 26. Rf3 Bd6 27. Kg1 Rxf4 28. Rxf4 Bxf4 29. h3 c5 30. Kf2 c6 31. Kf1 Kd6 32. Rf2 Be5 33. Re2 Rb8 34. Kf2 Rb4 35. Rd2 Bc3 36. Rd1 Rb8 37. g3 Bd4+ 38. Kf3 hxg3 39. Kxg3 Rg8+ 40. Kf3 Be5 41. Rh1 Rh8 42. h4 Ke7 43. h5 Rh6 44. Kg4 Kf8 45. Ba6 Ke7 46. Bb7 Kd7 47. Rd1 Kc7 48. Ba6 Rh8 49. Rh1 c4 50. bxc4 Kb6 51. cxd5 Kxa6 52. dxc6 Kb6 53. h6 Rh7 54. Kf3 Kxc6 55. Ke4 Kc5 56. Kd3 Bf4 57. Rh4 Bg5 58. Re4 Rxh6 59. Re7 Rh3+ 60. Ke2 Ra3 61. Rxf7 Rxa4 62. Rc7+ Kd6 63. Ra7 Ke5 64. Kd3 Kxf5 65. c4 Bf4 66. Kd4 Be5+ 67. Kd5 Ra1 68. c5 a4 69. Kc6 a3 70. Kd7 a2 71. Kc8 Rc1 72. Rxa2 Rxc5+ 73. Kd7 Rd5+ 74. Ke7 Rd3 75. Ke8 Rd6 76. Ra4 Rb6 77. Kf7 Kg5 78. Ra2 Rb7+ 79. Ke6 Rb6+ 80. Kd5 Kf4 81. Kc5 Rb8 82. Kd5 Rd8+ 83. Ke6 Rd6+ 84. Ke7 Rb6 85. Ra4+ Kg5 86. Ra2 f5 87. Ra4 Bg3 88. Ra5 Kg4 89. Ra4+ f4 90. Kd7 Rh6 91. Ke7 Kh3 92. Kf7 Kg2 93. Kg7 Rb6 94. Kf7 f3 95. Ra2+ f2 96. Ra1 f1=Q+ 97. Rxf1 Kxf1 0-1


[Site "https://www.chess.com"]

[Event "Titled Tuesday Blitz April 05 Early 2022"]
[White "Pischal, Yulia"]
[Black "Ilyasli, Ughur"]
[WhiteFideId "14102390"]
[BlackFideId "13416197"]
[WhiteElo "1931"]
[BlackElo "2045"]
[Result "0-1"]
[Round "05"]
[TimeControl "180+1"]
[Date "2022.04.05"]
[WhiteClock "0:00:42"]
[BlackClock "0:00:22"]

1. e4 c5 2. d3 g6 3. g3 Bg7 4. Bg2 e6 5. f4 Ne7 6. Nf3 Nbc6 7. O-O d6 8. c3 O-O 9. Qe2 Rb8 10. Na3 b5 11. Nc2 b4 12. Bd2 bxc3 13. bxc3 Qa5 14. e5 dxe5 15. Nxe5 Nxe5 16. fxe5 Ba6 17. c4 Qa4 18. Ne1 Rb2 19. Nf3 Nf5 20. Qf2 Bb7 21. g4 Bxf3 22. gxf5 Bxg2 23. Qxg2 exf5 24. Rae1 Qxa2 25. Re2 a5 26. h3 a4 27. Rff2 a3 28. Qd5 Qb1+ 29. Kg2 a2 30. e6 fxe6 31. Rxe6 Kh8 32. Rfe2 Rxd2 33. Rxd2 a1=Q 34. Rde2 Qh1+ 35. Kf2 Qag1# 0-1


[Site "https://www.chess.com"]

[Event "Titled Tuesday Blitz April 05 Early 2022"]
[White "Polster, Christian"]
[Black "Garv Gaur"]
[WhiteFideId "12965081"]
[BlackFideId "45030839"]
[WhiteElo "2323"]
[BlackElo "1950"]
[Result "1/2-1/2"]
[Round "05"]
[TimeControl "180+1"]
[Date "2022.04.05"]
[WhiteClock "0:00:03"]
[BlackClock "0:00:05"]

1. d4 d5 2. Bf4 Nf6 3. e3 c5 4. Nd2 Nc6 5. c3 cxd4 6. exd4 Bf5 7. Qb3 Qc8 8. Ngf3 e6 9. Be2 Be7 10. O-O O-O 11. h3 Ne4 12. Rfe1 a6 13. a4 Na5 14. Qb6 Bd8 15. Qb4 Nc6 16. Qa3 Be7 17. Qb3 Nd6 18. Ne5 f6 19. Nxc6 Qxc6 20. Bg4 Bxg4 21. hxg4 Qd7 22. Re2 Rfe8 23. Rae1 Bf8 24. f3 b5 25. axb5 axb5 26. Bg3 Nc4 27. Nf1 Rac8 28. Ne3 Rc6 29. Ra1 b4 30. cxb4 Nxe3 31. Rxe3 Rb6 32. Ra4 Rc8 33. Rc3 Rxc3 34. bxc3 Qc6 35. Ra5 Rb7 36. Qa3 Qb6 37. Ra6 Qb5 38. Ra8 Rf7 39. Bd6 Qe2 40. b5 Qe1+ 41. Kh2 Qh4+ 42. Kg1 Qe1+ 43. Kh2 Qh4+ 44. Kg1 Qe1+ 1/2-1/2


[Site "https://www.chess.com"]

[Event "Titled Tuesday Blitz April 05 Early 2022"]
[White "Pourkashiyan, Atousa"]
[Black "Rodchenkov, Vitaly"]
[WhiteFideId "12502014"]
[BlackFideId "4152964"]
[WhiteElo "2247"]
[BlackElo "2337"]
[Result "0-1"]
[Round "05"]
[TimeControl "180+1"]
[Date "2022.04.05"]
[WhiteClock "0:00:15"]
[BlackClock "0:00:14"]

1. e4 c6 2. d4 d5 3. Nd2 dxe4 4. Nxe4 Bf5 5. Ng3 Bg6 6. h4 h6 7. Nf3 Nd7 8. h5 Bh7 9. Bd3 Bxd3 10. Qxd3 e6 11. Bd2 Ngf6 12. O-O-O Be7 13. Ne4 Nxe4 14. Qxe4 Nf6 15. Qe2 Qd5 16. Kb1 Qe4 17. Be3 O-O 18. Nd2 Qd5 19. g4 Ne4 20. Rdg1 c5 21. g5 Bxg5 22. Bxg5 Nxg5 23. dxc5 Qxc5 24. f4 Nh7 25. Ne4 Qe7 26. Qg2 f5 27. Nc5 Nf6 28. Nxe6 Rf7 29. Re1 Qd6 30. c3 Re8 31. Nd4 Qxf4 32. Rxe8+ Nxe8 33. Re1 Nf6 34. a3 Qg4 35. Qh2 f4 36. Rg1 Qxh5 37. Qxf4 Qd5 38. Qb8+ Kh7 39. Qxa7 Qe4+ 40. Ka1 Qe3 41. Rd1 Ne4 42. Qb8 Nd2 43. Qh2 Nc4 44. Ka2 b5 45. Qc2+ Kh8 46. Rd3 Qe7 47. Rg3 Nd6 48. Nc6 Qe6+ 49. Qb3 Qxb3+ 50. Kxb3 Nc4 51. Ne5 Nxe5 52. Re3 Re7 53. Kb4 Nc6+ 54. Kc5 Rxe3 55. Kxc6 Re2 56. Kxb5 Rxb2+ 57. Kc5 Rb3 58. a4 Rxc3+ 59. Kb6 Ra3 60. a5 h5 61. a6 h4 62. a7 h3 63. Kb7 Rxa7+ 64. Kxa7 h2 0-1


[Site "https://www.chess.com"]

[Event "Titled Tuesday Blitz April 05 Early 2022"]
[White "Rabineau, Clement"]
[Black "Adewumi, Tanitoluwa"]
[WhiteFideId "628891"]
[BlackFideId "30966396"]
[WhiteElo "2237"]
[BlackElo "2578"]
[Result "0-1"]
[Round "05"]
[TimeControl "180+1"]
[Date "2022.04.05"]
[WhiteClock "0:00:09"]
[BlackClock "0:01:08"]

1. e4 c5 2. c3 Nf6 3. e5 Nd5 4. Bc4 Nb6 5. Bb3 c4 6. Bc2 d5 7. exd6 Qxd6 8. Nf3 Nc6 9. O-O Bg4 10. b3 O-O-O 11. Na3 Ne5 12. Nxc4 Nbxc4 13. bxc4 Nxf3+ 14. gxf3 Bh3 15. Re1 e5 16. Rb1 f5 17. Kh1 e4 18. fxe4 Qf4 19. Qe2 Bg4 20. d4 Bf3+ 0-1


[Site "https://www.chess.com"]

[Event "Titled Tuesday Blitz April 05 Early 2022"]
[White "Reprintsev, Alexander"]
[Black "Jakubowska, Anna"]
[WhiteFideId "14100541"]
[BlackFideId "1121952"]
[WhiteElo "2108"]
[BlackElo "1924"]
[Result "1-0"]
[Round "05"]
[TimeControl "180+1"]
[Date "2022.04.05"]
[WhiteClock "0:00:49"]
[BlackClock "0:00:13"]

1. e4 c5 2. b3 Nc6 3. Bb2 e5 4. f4 d6 5. Qf3 exf4 6. Qxf4 Nf6 7. Bxf6 Qxf6 8. Qxf6 gxf6 9. Nc3 f5 10. Bd3 fxe4 11. Bxe4 Bg7 12. Nge2 O-O 13. O-O-O Re8 14. Ng3 Bg4 15. Rde1 Nd4 16. Bxb7 Rab8 17. Bd5 Be6 18. Nge4 Rb6 19. Ng5 h6 20. Nxe6 fxe6 21. Bc4 Rbb8 22. Rhf1 d5 23. Bd3 Nc6 24. Bg6 Re7 25. Na4 c4 26. Nc5 e5 27. bxc4 dxc4 28. Be4 Nb4 29. c3 Nxa2+ 30. Kc2 Rb5 31. Na4 Ra5 32. Nb2 Rc7 33. Ra1 Bf8 34. Rfb1 Kg7 35. Nd1 Be7 36. Ne3 Bg5 37. Nf5+ Kg8 38. h4 Bf6 39. g3 h5 40. Ne3 Rd7 41. Nxc4 Ra4 42. Bf5 Rc7 43. Ne3 e4 44. Be6+ Kg7 45. Rxa2 1-0


[Site "https://www.chess.com"]

[Event "Titled Tuesday Blitz April 05 Early 2022"]
[White "Rodchenkov, Sergey D."]
[Black "Matthes, Aaron"]
[WhiteFideId "4168712"]
[BlackFideId "16227310"]
[WhiteElo "2306"]
[BlackElo "2340"]
[Result "1-0"]
[Round "05"]
[TimeControl "180+1"]
[Date "2022.04.05"]
[WhiteClock "0:00:18"]
[BlackClock "0:00:17"]

1. e4 e6 2. d4 d5 3. Nc3 Nf6 4. e5 Nfd7 5. f4 c5 6. Nf3 Nc6 7. Be3 a6 8. Ne2 Qb6 9. Qc1 cxd4 10. Nexd4 Bc5 11. c3 Bxd4 12. Nxd4 Nxd4 13. Bxd4 Qc7 14. Be2 f6 15. O-O O-O 16. Qe3 b5 17. exf6 Nxf6 18. Bd3 Bd7 19. g3 Rae8 20. Qe2 Bc6 21. b3 Ne4 22. a4 bxa4 23. bxa4 Bb7 24. Rfc1 Rc8 25. a5 Qc6 26. Rab1 Rf7 27. Rb6 Qc7 28. Rxe6 Qxa5 29. f5 Qa3 30. Rb1 Nxc3 31. Re8+ Rf8 32. Qe6+ Kh8 33. Rxf8+ Rxf8 34. Rxb7 Qc1+ 35. Bf1 Rg8 36. Bxg7+ Rxg7 37. Qe8+ Rg8 38. Qe5+ Rg7 39. Qxg7# 1-0


[Site "https://www.chess.com"]

[Event "Titled Tuesday Blitz April 05 Early 2022"]
[White "Sai Agni Jeevitesh, J"]
[Black "Madaminov, Mukhiddin"]
[WhiteFideId "5070147"]
[BlackFideId "14210703"]
[WhiteElo "2190"]
[BlackElo "1916"]
[Result "0-1"]
[Round "05"]
[TimeControl "180+1"]
[Date "2022.04.05"]
[WhiteClock "0:00:17"]
[BlackClock "0:00:20"]

1. e4 e6 2. Nc3 d5 3. exd5 exd5 4. d4 c6 5. Bd3 Bd6 6. h3 Ne7 7. Nf3 Bf5 8. O-O O-O 9. Re1 Bg6 10. Bg5 f6 11. Be3 Nd7 12. a4 Re8 13. Bxg6 hxg6 14. Qd3 Kf7 15. Ne2 Nf5 16. Nf4 Re4 17. g3 Nxe3 18. fxe3 g5 19. Ne2 Qh8 20. Kg2 Rae8 21. Nc3 g4 22. hxg4 Rxg4 23. Rh1 Rxg3+ 24. Kf2 Qg8 25. Rag1 Rxg1 26. Rxg1 g6 27. e4 Nb6 28. e5 fxe5 29. Ng5+ Ke7 30. a5 Qf8+ 31. Kg2 e4 32. Qh3 Qf6 33. Qh7+ Kd8 34. Nf7+ Kc8 35. Nxd6+ Qxd6 36. axb6 axb6 37. Qh3+ Kb8 38. Ne2 Qb4 39. Qg3+ Kc8 40. Qh3+ Kb8 41. Qc3 Qb5 42. Kf2 e3+ 43. Ke1 Qa6 44. Qa3 Qc4 45. Qd6+ Ka7 46. Qa3+ Kb8 47. Rxg6 Qxc2 48. Qd6+ Kc8 49. Re6 Qd2+ 50. Kf1 Qd1+ 51. Kg2 Qxe2+ 52. Kg3 Qf2+ 53. Kg4 Qg2+ 54. Kf4 Qh2+ 55. Kf5 Qxd6 0-1


[Site "https://www.chess.com"]

[Event "Titled Tuesday Blitz April 05 Early 2022"]
[White "Samant Aditya S"]
[Black "Brodowski, Piotr"]
[WhiteFideId "35080580"]
[BlackFideId "1124480"]
[WhiteElo "1916"]
[BlackElo "2422"]
[Result "1-0"]
[Round "05"]
[TimeControl "180+1"]
[Date "2022.04.05"]
[WhiteClock "0:00:20"]
[BlackClock "0:00:02"]

1. d4 c5 2. d5 d6 3. e4 Nf6 4. Nc3 g6 5. Be2 Bg7 6. Nf3 O-O 7. O-O Na6 8. Bf4 Nc7 9. a4 b6 10. Nd2 Bb7 11. Nc4 Re8 12. Bg3 Nd7 13. Qd2 a6 14. Bg4 b5 15. Bxd7 Qxd7 16. Nb6 Qd8 17. Nxa8 Bxa8 18. axb5 axb5 19. Ra2 b4 20. Ne2 e6 21. dxe6 Nxe6 22. f3 d5 23. exd5 Qxd5 24. Qxd5 Bxd5 25. b3 c4 26. Ra5 Bc6 27. bxc4 Nd4 28. Nxd4 Bxd4+ 29. Bf2 Bc3 30. Ra6 Bd7 31. Rb6 Re2 32. Rd1 Bf5 33. Bd4 1-0


[Site "https://www.chess.com"]

[Event "Titled Tuesday Blitz April 05 Early 2022"]
[White "Sanchez, Robert"]
[Black "Ardila, Oscar Humberto"]
[WhiteFideId "2034360"]
[BlackFideId "4404742"]
[WhiteElo "2282"]
[BlackElo "1983"]
[Result "1-0"]
[Round "05"]
[TimeControl "180+1"]
[Date "2022.04.05"]
[WhiteClock "0:00:52"]
[BlackClock "0:00:07"]

1. e4 e5 2. Nf3 Nf6 3. Nxe5 d6 4. Nf3 Nxe4 5. d4 Be7 6. Bd3 d5 7. O-O Nc6 8. h3 O-O 9. c3 Bf5 10. Re1 Bg6 11. a4 a5 12. Na3 Bf6 13. Bf4 Re8 14. Nb5 Rc8 15. Rc1 Qd7 16. c4 Nb4 17. Bb1 c6 18. Nc3 Re7 19. Ne5 Bxe5 20. Bxe5 f6 21. Bf4 Rce8 22. Nxe4 Bxe4 23. Bxe4 Rxe4 24. Rxe4 Rxe4 25. Be3 dxc4 26. Rxc4 Nd5 27. Qf3 Qe6 28. Bd2 Re2 29. Bxa5 Rxb2 30. Rc1 Kf7 31. Re1 Qd7 32. Qh5+ g6 33. Qxh7+ 1-0


[Site "https://www.chess.com"]

[Event "Titled Tuesday Blitz April 05 Early 2022"]
[White "Sellitti, Federico"]
[Black "Lamaze, Simon"]
[WhiteFideId "821829"]
[BlackFideId "36069264"]
[WhiteElo "2554"]
[BlackElo "1999"]
[Result "1/2-1/2"]
[Round "05"]
[TimeControl "180+1"]
[Date "2022.04.05"]
[WhiteClock "0:00:05"]
[BlackClock "0:00:11"]

1. e4 c5 2. Nc3 Nc6 3. g3 g6 4. Bg2 Bg7 5. d3 d6 6. Be3 e5 7. Qd2 Nge7 8. Bh6 Bxh6 9. Qxh6 Nd4 10. Qd2 Be6 11. f4 O-O 12. Nf3 f5 13. O-O exf4 14. gxf4 Nec6 15. Ng5 fxe4 16. Nxe6 Nxe6 17. Nxe4 Kg7 18. Ng3 Qf6 19. f5 Ned4 20. Be4 Qh4 21. fxg6 hxg6 22. c3 Ne6 23. Qg2 Nf4 24. Rxf4 Rxf4 25. Nf5+ Rxf5 26. Bxf5 Ne7 27. Be4 Rf8 28. Qg3 Qxg3+ 29. hxg3 d5 30. Bg2 d4 31. cxd4 cxd4 32. Rc1 Rc8 33. Rxc8 Nxc8 34. Bxb7 Nd6 35. Bd5 Kf6 36. Kf2 Ke5 37. Bf3 Nf5 38. b4 Ne3 39. b5 Nc2 40. Ke2 Nb4 41. a3 Na2 42. Kd2 Nc3 43. Bc6 Na4 44. Kc2 Nc5 45. Kd2 g5 46. Ke2 g4 47. Kd2 Kf5 48. Kc2 Ke5 49. Be8 Kf5 50. Bf7 Ke5 51. Bg6 Kf6 52. Bh7 Ke5 53. Kb2 Na4+ 54. Kb3 Nc3 55. Kc4 Ne2 56. a4 Nxg3 57. a5 Ne2 58. b6 axb6 59. axb6 Kd6 60. Be4 g3 61. Kb5 Nf4 62. Ka6 Nxd3 63. Bxd3 g2 64. b7 g1=Q 65. b8=Q+ Ke7 66. Qb7+ Kf6 67. Qe4 Qa1+ 68. Kb5 Qb2+ 69. Kc5 Qc3+ 70. Kd5 Qa5+ 71. Kxd4 Qb6+ 72. Kc3 Qc5+ 73. Bc4 Qa3+ 74. Kd4 Qa1+ 75. Kd3 Qb1+ 76. Ke3 Qe1+ 77. Kd4 Qa1+ 78. Kc5 Qa5+ 79. Bb5 Qa3+ 80. Kc4 Qc1+ 81. Kd4 Qb2+ 82. Kc5 Qc3+ 83. Qc4 Qe5+ 84. Kb4 Qb2+ 85. Ka5 Qa3+ 86. Kb6 Qd6+ 87. Qc6 Ke5 88. Kb7 Qe7+ 89. Ka6 Qa3+ 90. Kb6 Qe3+ 91. Kc7 Qa7+ 92. Qb7 Qa5+ 93. Kc6 Kd4 94. Qd7+ Ke3 95. Qd3+ Kf2 96. Qe2+ Kg1 97. Kd5 Qd8+ 98. Ke4 Qe7+ 99. Kf4 Qf6+ 100. Kg3 Qg5+ 101. Kf3 Qh5+ 102. Ke3 Qe5+ 103. Kd2 Qb2+ 104. Ke3 Qc3+ 105. Bd3 Qc5+ 106. Kf3 Qh5+ 107. Kg3 Qg5+ 108. Qg4 Qe3+ 109. Kh4+ Kf2 110. Bf5 Qe7+ 111. Qg5 Qb4+ 112. Kh5 Qc5 113. Qh4+ Ke2 114. Qg5 Qe3 115. Bg6 Qh3+ 116. Qh4 Qc8 117. Qg4+ Qxg4+ 118. Kxg4 1/2-1/2


[Site "https://www.chess.com"]

[Event "Titled Tuesday Blitz April 05 Early 2022"]
[White "Shohat, Yotam"]
[Black "Kosteniuk, Alexandra"]
[WhiteFideId "2813955"]
[BlackFideId "4128125"]
[WhiteElo "2119"]
[BlackElo "2469"]
[Result "0-1"]
[Round "05"]
[TimeControl "180+1"]
[Date "2022.04.05"]
[WhiteClock "0:00:03"]
[BlackClock "0:00:06"]

1. e4 c6 2. d4 d5 3. exd5 cxd5 4. c4 Nf6 5. Nc3 Nc6 6. Nf3 g6 7. cxd5 Nxd5 8. Qb3 Nxc3 9. Bc4 Nd5 10. Bxd5 e6 11. Bxc6+ bxc6 12. O-O Bg7 13. Bf4 O-O 14. Be5 f6 15. Bg3 Qd5 16. Qe3 Re8 17. Rfc1 g5 18. Rc5 Qd7 19. Rac1 Bb7 20. h4 g4 21. Nd2 Rad8 22. Nb3 Ba8 23. Qf4 f5 24. Qg5 Qe7 25. Qxe7 Rxe7 26. Be5 Bxe5 27. dxe5 Rd5 28. f4 gxf3 29. gxf3 Kf7 30. Kf2 Red7 31. Ke2 Rd8 32. R1c2 Rg8 33. Kf2 Rb8 34. Rxd5 exd5 35. Nc5 Rb4 36. Kg3 Ke7 37. a3 Rd4 38. Rc3 f4+ 39. Kg4 Rd2 40. Rb3 Rc2 41. Rc3 Rxb2 42. Kxf4 Rb5 43. Kf5 d4 44. Rc4 Ra5 45. f4 a6 46. Ne4 Rd5 47. Nd6 d3 48. Rc1 d2 49. Rd1 c5 50. Nc4 Rd4 51. Nxd2 Bf3 52. Nxf3 Rxd1 53. Ng5 h6 54. Ne4 c4 55. e6 Rd5+ 56. Kg6 Kxe6 57. Nc3 Rd3 58. f5+ Ke7 59. f6+ Kf8 60. Ne4 c3 61. f7 c2 62. Nf6 Rd6 0-1


[Site "https://www.chess.com"]